Workbook

Sheet ЛСР 07.01 (AL)
O1: Приложение №
O2: к договору подряда №
B4: ПОДРЯДЧИК | G4: ЗАКАЗЧИК | M4: ТЕХНИЧЕСКИЙ ЗАКАЗЧИК
G5: ООО ЭНКО СТРОЙ | M5: ООО ТЗ ЭНКО
B8: ______________/ | G8: ______________Ярков С.И. | M8: ______________Ярков С.И.
A10: Локальный сметный расчет №1 (ГП-214)
A13: № | B13: Наименование | C13: Марка/ Завод изготовитель | D13: Высота, м | E13: Ширина, м | F13: Характеристика | G13: Ед. изм. | H13: Площадь, м2 | I13: ГП-214.1 | J13: ГП-214.2 | K13: Кол-во | L13: Цена за ед. | M13: Сумма | N13: Примечание | O13: Форма закупа материала
A14: 07 | B14: Окна
A15: 07.01 | B15: Изготовление и монтаж Al изделий
A16: 07.01.01 | B16: Изготовление и монтаж дверей
A17: 07.01.01.00 | B17: Изготовление и монтаж дверей | M17: =M18+M20 -> 0
B18: Работа: | M18: =M19 -> 0
B19: Изготовление и монтаж дверей | G19: шт | I19: =SUM(I21:I29) -> 5 | J19: =SUM(J21:J29) -> 4 | K19: =SUM(I19:J19) -> 9 | L19: =VLOOKUP(B19,Работа!$B$4:$G$34,4,0) -> 0 | M19: =L19*K19 -> 0
B20: Материалы: | M20: =SUM(M21:M29) -> 0
B21: Д-2 тип 1 | C21: 2 | D21: 2.07 | E21: 1.46 | F21: 2,07*1,46 | G21: шт | H21: =(D21*E21)*K21 -> 3.0222 | I21: 1 | K21: =SUM(I21:J21) -> 1 | L21: =VLOOKUP(B21,Материал!$B$5:$L$49,9,0) -> 0 | M21: =L21*K21 -> 0 | N21: Ral 9004/EIS60
B22: Д-3 тип 1 | C22: 3 | D22: 2.07 | E22: 0.97 | F22: 2,07*0,97 | G22: шт | H22: =(D22*E22)*K22 -> 2.0079 | I22: 1 | K22: =SUM(I22:J22) -> 1 | L22: =VLOOKUP(B22,Материал!$B$5:$L$49,9,0) -> 0 | M22: =L22*K22 -> 0 | N22: Ral 9004
B23: Д-4 тип 1 | C23: 4 | D23: 2.1 | E23: 1.06 | F23: 2,10*1,06 | G23: шт | H23: =(D23*E23)*K23 -> 2.226 | I23: 1 | K23: =SUM(I23:J23) -> 1 | L23: =VLOOKUP(B23,Материал!$B$5:$L$49,9,0) -> 0 | M23: =L23*K23 -> 0 | N23: Ral 9004
B24: Д-11 тип 1 | C24: 11 | D24: 2.085 | E24: 1.46 | F24: 2,09*1,46 | G24: шт | H24: =(D24*E24)*K24 -> 3.0441 | I24: 1 | K24: =SUM(I24:J24) -> 1 | L24: =VLOOKUP(B24,Материал!$B$5:$L$49,9,0) -> 0 | M24: =L24*K24 -> 0 | N24: Ral 9004/EIS60
B25: Д-12 тип 1 | C25: 12 | D25: 2.07 | E25: 1.06 | F25: 2,07*1,06 | G25: шт | H25: =(D25*E25)*K25 -> 2.1942 | I25: 1 | K25: =SUM(I25:J25) -> 1 | L25: =VLOOKUP(B25,Материал!$B$5:$L$49,9,0) -> 0 | M25: =L25*K25 -> 0 | N25: Ral 9004
B26: Д-3 тип 2 | C26: 3 | D26: 2.085 | E26: 1.46 | F26: 2,09*1,46 | G26: шт | H26: =(D26*E26)*K26 -> 3.0441 | J26: 1 | K26: =SUM(I26:J26) -> 1 | L26: =VLOOKUP(B26,Материал!$B$5:$L$49,9,0) -> 0 | M26: =L26*K26 -> 0 | N26: Ral 9004/EIS60
B27: Д-4 тип 2 | C27: 4 | D27: 2.07 | E27: 1.46 | F27: 2,07*1,46 | G27: шт | H27: =(D27*E27)*K27 -> 3.0222 | J27: 1 | K27: =SUM(I27:J27) -> 1 | L27: =VLOOKUP(B27,Материал!$B$5:$L$49,9,0) -> 0 | M27: =L27*K27 -> 0 | N27: Ral 9004/EIS60
B28: Д-6 тип 2 | C28: 6 | D28: 2.07 | E28: 1.06 | F28: 2,07*1,06 | G28: шт | H28: =(D28*E28)*K28 -> 2.1942 | J28: 1 | K28: =SUM(I28:J28) -> 1 | L28: =VLOOKUP(B28,Материал!$B$5:$L$49,9,0) -> 0 | M28: =L28*K28 -> 0 | N28: Ral 9004
B29: Д-12 тип 2 | C29: 12 | D29: 2.07 | E29: 0.97 | F29: 2,07*0,97 | G29: шт | H29: =(D29*E29)*K29 -> 2.0079 | J29: 1 | K29: =SUM(I29:J29) -> 1 | L29: =VLOOKUP(B29,Материал!$B$5:$L$49,9,0) -> 0 | M29: =L29*K29 -> 0 | N29: Ral 9004
A30: 07.01.02 | B30: Изготовление и монтаж витражей
A31: 07.01.02.00 | B31: Изготовление и монтаж витражей | M31: =M32+M50 -> 0
B32: Работа: | M32: =SUM(M33:M49) -> 0
B33: Изготовление и монтаж витражей В-1 тип 1 | G33: шт | I33: =I51 -> 8 | K33: =SUM(I33:J33) -> 8 | L33: =VLOOKUP(B33,Работа!$B$4:$G$34,4,0) -> 0 | M33: =L33*K33 -> 0
B34: Изготовление и монтаж витражей В-2 тип 1 | G34: шт | I34: =I52 -> 2 | K34: =SUM(I34:J34) -> 2 | L34: =VLOOKUP(B34,Работа!$B$4:$G$34,4,0) -> 0 | M34: =L34*K34 -> 0
B35: Изготовление и монтаж витражей В-3 тип 1 | G35: шт | I35: =I53 -> 1 | K35: =SUM(I35:J35) -> 1 | L35: =VLOOKUP(B35,Работа!$B$4:$G$34,4,0) -> 0 | M35: =L35*K35 -> 0
B36: Изготовление и монтаж витражей В-4 тип 1 | G36: шт | I36: =I54 -> 1 | K36: =SUM(I36:J36) -> 1 | L36: =VLOOKUP(B36,Работа!$B$4:$G$34,4,0) -> 0 | M36: =L36*K36 -> 0
B37: Изготовление и монтаж витражей В-5 тип 1 | G37: шт | I37: =I55 -> 5 | K37: =SUM(I37:J37) -> 5 | L37: =VLOOKUP(B37,Работа!$B$4:$G$34,4,0) -> 0 | M37: =L37*K37 -> 0
B38: Изготовление и монтаж витражей В-6 тип 1 | G38: шт | I38: =I56 -> 2 | K38: =SUM(I38:J38) -> 2 | L38: =VLOOKUP(B38,Работа!$B$4:$G$34,4,0) -> 0 | M38: =L38*K38 -> 0
B39: Изготовление и монтаж витражей В-7 тип 1 | G39: шт | I39: =I57 -> 2 | K39: =SUM(I39:J39) -> 2 | L39: =VLOOKUP(B39,Работа!$B$4:$G$34,4,0) -> 0 | M39: =L39*K39 -> 0
B40: Изготовление и монтаж витражей В-8 тип 1 | G40: шт | I40: =I58 -> 1 | K40: =SUM(I40:J40) -> 1 | L40: =VLOOKUP(B40,Работа!$B$4:$G$34,4,0) -> 0 | M40: =L40*K40 -> 0
B41: Изготовление и монтаж витражей В-9 тип 1 | G41: шт | I41: =I59 -> 2 | K41: =SUM(I41:J41) -> 2 | L41: =VLOOKUP(B41,Работа!$B$4:$G$34,4,0) -> 0 | M41: =L41*K41 -> 0
B42: Изготовление и монтаж витражей В-1 тип 2 | G42: шт | J42: =J60 -> 4 | K42: =SUM(I42:J42) -> 4 | L42: =VLOOKUP(B42,Работа!$B$4:$G$34,4,0) -> 0 | M42: =L42*K42 -> 0
B43: Изготовление и монтаж витражей В-2 тип 2 | G43: шт | J43: =J61 -> 5 | K43: =SUM(I43:J43) -> 5 | L43: =VLOOKUP(B43,Работа!$B$4:$G$34,4,0) -> 0 | M43: =L43*K43 -> 0
B44: Изготовление и монтаж витражей В-3 тип 2 | G44: шт | J44: =J62 -> 1 | K44: =SUM(I44:J44) -> 1 | L44: =VLOOKUP(B44,Работа!$B$4:$G$34,4,0) -> 0 | M44: =L44*K44 -> 0
B45: Изготовление и монтаж витражей В-4 тип 2 | G45: шт | J45: =J63 -> 1 | K45: =SUM(I45:J45) -> 1 | L45: =VLOOKUP(B45,Работа!$B$4:$G$34,4,0) -> 0 | M45: =L45*K45 -> 0
B46: Изготовление и монтаж витражей В-5 тип 2 | G46: шт | J46: =J64 -> 1 | K46: =SUM(I46:J46) -> 1 | L46: =VLOOKUP(B46,Работа!$B$4:$G$34,4,0) -> 0 | M46: =L46*K46 -> 0
B47: Изготовление и монтаж витражей В-6 тип 2 | G47: шт | J47: =J65 -> 1 | K47: =SUM(I47:J47) -> 1 | L47: =VLOOKUP(B47,Работа!$B$4:$G$34,4,0) -> 0 | M47: =L47*K47 -> 0
B48: Изготовление и монтаж витражей В-7 тип 2 | G48: шт | J48: =J66 -> 1 | K48: =SUM(I48:J48) -> 1 | L48: =VLOOKUP(B48,Работа!$B$4:$G$34,4,0) -> 0 | M48: =L48*K48 -> 0
B49: Изготовление и монтаж витражей В-8 тип 2 | G49: шт | J49: =J67 -> 1 | K49: =SUM(I49:J49) -> 1 | L49: =VLOOKUP(B49,Работа!$B$4:$G$34,4,0) -> 0 | M49: =L49*K49 -> 0
B50: Материалы: | M50: =SUM(M51:M67) -> 0
B51: В-1 тип 1 | D51: 2.57 | E51: 2.11 | F51: 2,57*2,11 | G51: шт | H51: =(D51*E51)*K51 -> 43.3816 | I51: 8 | K51: =SUM(I51:J51) -> 8 | L51: =VLOOKUP(B51,Материал!$B$5:$L$49,9,0) -> 0 | M51: =L51*K51 -> 0 | N51: Ral 9004
B52: В-2 тип 1 | D52: 2.57 | E52: 1.63 | F52: 2,57*1,63 | G52: шт | H52: =(D52*E52)*K52 -> 8.3782 | I52: 2 | K52: =SUM(I52:J52) -> 2 | L52: =VLOOKUP(B52,Материал!$B$5:$L$49,9,0) -> 0 | M52: =L52*K52 -> 0 | N52: Ral 9004
B53: В-3 тип 1 | D53: 2.91 | E53: 2.085 | F53: 2,91*2,09 | G53: шт | H53: =(D53*E53)*K53 -> 6.06735 | I53: 1 | K53: =SUM(I53:J53) -> 1 | L53: =VLOOKUP(B53,Материал!$B$5:$L$49,9,0) -> 0 | M53: =L53*K53 -> 0 | N53: Ral 9004
B54: В-4 тип 1 | D54: 2.91 | E54: 3.16 | F54: 2,91*3,16 | G54: шт | H54: =(D54*E54)*K54 -> 9.1956 | I54: 1 | K54: =SUM(I54:J54) -> 1 | L54: =VLOOKUP(B54,Материал!$B$5:$L$49,9,0) -> 0 | M54: =L54*K54 -> 0 | N54: Ral 9004
B55: В-5 тип 1 | D55: 2.91 | E55: 2.12 | F55: 2,91*2,12 | G55: шт | H55: =(D55*E55)*K55 -> 30.846 | I55: 5 | K55: =SUM(I55:J55) -> 5 | L55: =VLOOKUP(B55,Материал!$B$5:$L$49,9,0) -> 0 | M55: =L55*K55 -> 0 | N55: Ral 9004
B56: В-6 тип 1 | D56: 3.29 | E56: 2.86 | F56: 3,29*2,86 | G56: шт | H56: =(D56*E56)*K56 -> 18.8188 | I56: 2 | K56: =SUM(I56:J56) -> 2 | L56: =VLOOKUP(B56,Материал!$B$5:$L$49,9,0) -> 0 | M56: =L56*K56 -> 0 | N56: Ral 9004
B57: В-7 тип 1 | D57: 3.39 | E57: 2.66 | F57: 3,39*2,66 | G57: шт | H57: =(D57*E57)*K57 -> 18.0348 | I57: 2 | K57: =SUM(I57:J57) -> 2 | L57: =VLOOKUP(B57,Материал!$B$5:$L$49,9,0) -> 0 | M57: =L57*K57 -> 0 | N57: Ral 9004
B58: В-8 тип 1 | D58: 3.59 | E58: 4.47 | F58: 3,59*4,47 | G58: шт | H58: =(D58*E58)*K58 -> 16.0473 | I58: 1 | K58: =SUM(I58:J58) -> 1 | L58: =VLOOKUP(B58,Материал!$B$5:$L$49,9,0) -> 0 | M58: =L58*K58 -> 0 | N58: Ral 9004
B59: В-9 тип 1 | D59: 2.57 | E59: 2.02 | F59: 2,57*2,02 | G59: шт | H59: =(D59*E59)*K59 -> 10.3828 | I59: 2 | K59: =SUM(I59:J59) -> 2 | L59: =VLOOKUP(B59,Материал!$B$5:$L$49,9,0) -> 0 | M59: =L59*K59 -> 0 | N59: Ral 9004
B60: В-1 тип 2 | D60: 2.91 | E60: 2.11 | F60: 2,91*2,11 | G60: шт | H60: =(D60*E60)*K60 -> 24.5604 | J60: 4 | K60: =SUM(I60:J60) -> 4 | L60: =VLOOKUP(B60,Материал!$B$5:$L$49,9,0) -> 0 | M60: =L60*K60 -> 0 | N60: Ral 9004
B61: В-2 тип 2 | D61: 2.59 | E61: 2.045 | F61: 2,59*2,05 | G61: шт | H61: =(D61*E61)*K61 -> 26.48275 | J61: 5 | K61: =SUM(I61:J61) -> 5 | L61: =VLOOKUP(B61,Материал!$B$5:$L$49,9,0) -> 0 | M61: =L61*K61 -> 0 | N61: Ral 9004
B62: В-3 тип 2 | D62: 2.33 | E62: 2.6 | F62: 2,33*2,60 | G62: шт | H62: =(D62*E62)*K62 -> 6.058 | J62: 1 | K62: =SUM(I62:J62) -> 1 | L62: =VLOOKUP(B62,Материал!$B$5:$L$49,9,0) -> 0 | M62: =L62*K62 -> 0 | N62: Ral 9004
B63: В-4 тип 2 | D63: 3.29 | E63: 3.015 | F63: 3,29*3,02 | G63: шт | H63: =(D63*E63)*K63 -> 9.91935 | J63: 1 | K63: =SUM(I63:J63) -> 1 | L63: =VLOOKUP(B63,Материал!$B$5:$L$49,9,0) -> 0 | M63: =L63*K63 -> 0 | N63: Ral 9004
B64: В-5 тип 2 | D64: 3.39 | E64: 2.515 | F64: 3,39*2,52 | G64: шт | H64: =(D64*E64)*K64 -> 8.52585 | J64: 1 | K64: =SUM(I64:J64) -> 1 | L64: =VLOOKUP(B64,Материал!$B$5:$L$49,9,0) -> 0 | M64: =L64*K64 -> 0 | N64: Ral 9004
B65: В-6 тип 2 | D65: 3.39 | E65: 2.66 | F65: 3,39*2,66 | G65: шт | H65: =(D65*E65)*K65 -> 9.0174 | J65: 1 | K65: =SUM(I65:J65) -> 1 | L65: =VLOOKUP(B65,Материал!$B$5:$L$49,9,0) -> 0 | M65: =L65*K65 -> 0 | N65: Ral 9004
B66: В-7 тип 2 | D66: 3.29 | E66: 2.86 | F66: 3,29*2,86 | G66: шт | H66: =(D66*E66)*K66 -> 9.4094 | J66: 1 | K66: =SUM(I66:J66) -> 1 | L66: =VLOOKUP(B66,Материал!$B$5:$L$49,9,0) -> 0 | M66: =L66*K66 -> 0 | N66: Ral 9004
B67: В-8 тип 2 | D67: 3.59 | E67: 2.86 | F67: 3,59*2,86 | G67: шт | H67: =(D67*E67)*K67 -> 10.2674 | J67: 1 | K67: =SUM(I67:J67) -> 1 | L67: =VLOOKUP(B67,Материал!$B$5:$L$49,9,0) -> 0 | M67: =L67*K67 -> 0 | N67: Ral 9004
A68: 07.01.02 | B68: Изготовление и монтаж детских замков
A69: 07.01.02.00 | B69: Изготовление и монтаж детских замков | M69: =M70+M72 -> 0
B70: Работа: | M70: =M71 -> 0
B71: Монтаж детских замков 2 | G71: шт | I71: =I73 -> 16 | J71: =J73 -> 17 | K71: =SUM(I71:J71) -> 33 | L71: =VLOOKUP(B71,Работа!$B$4:$G$34,4,0) -> 0 | M71: =L71*K71 -> 0
B72: Материалы: | M72: =SUM(M73:M73) -> 0
B73: Детский замок 2 | G73: шт | I73: 16 | J73: 17 | K73: =SUM(I73:J73) -> 33 | L73: =VLOOKUP(B73,Материал!$B$5:$L$49,9,0) -> 0 | M73: =L73*K73 -> 0 | N73: Ral 9016
A74: 07.01.03 | B74: Изготовление и монтаж оконных блоков
A75: 07.01.03.00 | B75: Изготовление и монтаж оконных блоков | M75: =M76+M78 -> 0
B76: Работа: | M76: =M77 -> 0
B77: Изготовление и монтаж оконных блоков Al | G77: шт | I77: =SUM(I79:I82) -> 16 | J77: =SUM(J79:J85) -> 17 | K77: =SUM(I77:J77) -> 33 | L77: =VLOOKUP(B77,Работа!$B$4:$G$34,4,0) -> 0 | M77: =L77*K77 -> 0
B78: Материалы: | M78: =SUM(M79:M85) -> 0
B79: ОК-5 тип 1 | D79: 2.56 | E79: 0.86 | F79: 2,56*0,86 | G79: шт | H79: =(D79*E79)*K79 -> 2.2016 | I79: 1 | K79: =SUM(I79:J79) -> 1 | L79: =VLOOKUP(B79,Материал!$B$5:$L$49,9,0) -> 0 | M79: =L79*K79 -> 0 | N79: Ral 9004/Ral 9016 EI60
B80: ОК-6 тип 1 | D80: 2.56 | E80: 2.16 | F80: 2,56*2,16 | G80: шт | H80: =(D80*E80)*K80 -> 44.2368 | I80: 8 | K80: =SUM(I80:J80) -> 8 | L80: =VLOOKUP(B80,Материал!$B$5:$L$49,9,0) -> 0 | M80: =L80*K80 -> 0 | N80: Ral 9004/Ral 9016 EI60
B81: ОК-7 тип 1 | D81: 2.56 | E81: 1.56 | F81: 2,56*1,56 | G81: шт | H81: =(D81*E81)*K81 -> 7.9872 | I81: 2 | K81: =SUM(I81:J81) -> 2 | L81: =VLOOKUP(B81,Материал!$B$5:$L$49,9,0) -> 0 | M81: =L81*K81 -> 0 | N81: Ral 9004/Ral 9016 EI60
B82: ОК-8 тип 1 | D82: 2.56 | E82: 2.12 | F82: 2,56*2,12 | G82: шт | H82: =(D82*E82)*K82 -> 27.136 | I82: 5 | K82: =SUM(I82:J82) -> 5 | L82: =VLOOKUP(B82,Материал!$B$5:$L$49,9,0) -> 0 | M82: =L82*K82 -> 0 | N82: Ral 9004/Ral 9016 EI60
B83: ОК-6 тип 2 | D83: 2.56 | E83: 2.16 | F83: 2,56*2,16 | G83: шт | H83: =(D83*E83)*K83 -> 60.8256 | J83: 11 | K83: =SUM(I83:J83) -> 11 | L83: =VLOOKUP(B83,Материал!$B$5:$L$49,9,0) -> 0 | M83: =L83*K83 -> 0 | N83: Ral 9004/Ral 9016 EI60
B84: ОК-10 тип 2 | D84: 2.56 | E84: 1.96 | F84: 2,56*1,96 | G84: шт | H84: =(D84*E84)*K84 -> 10.0352 | J84: 2 | K84: =SUM(I84:J84) -> 2 | L84: =VLOOKUP(B84,Материал!$B$5:$L$49,9,0) -> 0 | M84: =L84*K84 -> 0 | N84: Ral 9004/Ral 9016 EI60
B85: ОК-13 тип 2 | D85: 2.56 | E85: 2.04 | F85: 2,56*2,04 | G85: шт | H85: =(D85*E85)*K85 -> 20.8896 | J85: 4 | K85: =SUM(I85:J85) -> 4 | L85: =VLOOKUP(B85,Материал!$B$5:$L$49,9,0) -> 0 | M85: =L85*K85 -> 0 | N85: Ral 9004/Ral 9016 EI60
A86: 07.01.04 | B86: Изготовление и монтаж доводчиков
A87: 07.01.04.00 | B87: Монтаж доводчиков | M87: =M88+M90 -> 0
B88: Работа: | M88: =M89 -> 0
B89: Монтаж доводчиков | G89: шт | I89: =I91 -> 16 | J89: =J91 -> 14 | K89: =SUM(I89:J89) -> 30 | L89: =VLOOKUP(B89,Работа!$B$4:$G$34,4,0) -> 0 | M89: =L89*K89 -> 0
B90: Материалы: | M90: =M91 -> 0
B91: Доводчик | F91: нагрузка от 100кг до 120кг, темп. режим до -35 (серебро) | G91: шт | I91: 16 | J91: 14 | K91: =SUM(I91:J91) -> 30 | L91: =VLOOKUP(B91,Материал!$B$5:$L$49,9,0) -> 0 | M91: =L91*K91 -> 0 | N91: черный
A92: 07.01.05 | B92: Изготовление и монтаж ручки
A93: 07.01.05.00 | B93: Монтаж ручек | M93: =M94+M97 -> 0
B94: Работа: | M94: =M95+M96 -> 0
B95: Монтаж ручек тип 4 | G95: шт | I95: =I98 -> 17 | J95: =J98 -> 13 | K95: =SUM(I95:J95) -> 30 | L95: =VLOOKUP(B95,Работа!$B$4:$G$34,4,0) -> 0 | M95: =L95*K95 -> 0
B96: Монтаж ручек тип 5 | G96: шт | I96: =I99 -> 1 | J96: =J99 -> 1 | K96: =SUM(I96:J96) -> 2 | L96: =VLOOKUP(B96,Работа!$B$4:$G$34,4,0) -> 0 | M96: =L96*K96 -> 0
B97: Материалы: | M97: =M98+M99 -> 0
B98: Ручка тип 4 | F98: штанга 1800 - 2000 мм (нержавейка) | G98: шт | I98: 17 | J98: 13 | K98: =SUM(I98:J98) -> 30 | L98: =VLOOKUP(B98,Материал!$B$5:$L$49,9,0) -> 0 | M98: =L98*K98 -> 0 | N98: нержавейка
B99: Ручка тип 5 | F99: нажимной гарнитур | G99: шт | I99: 1 | J99: 1 | K99: =SUM(I99:J99) -> 2 | L99: =VLOOKUP(B99,Материал!$B$5:$L$49,9,0) -> 0 | M99: =L99*K99 -> 0 | N99: Ral 9004
A100: 07.01.06 | B100: Изготовление и монтаж нащельников, профилей
A101: 07.01.06.00 | B101: Изготовление и монтаж нащельников, профилей | M101: =M102+M104 -> 0
B102: Работа: | M102: =M103 -> 0
B103: Монтаж нащельника металлического тип 1 | G103: м.п. | I103: =I105 -> 27.2 | J103: =J105 -> 21.86 | K103: =SUM(I103:J103) -> 49.06 | L103: =VLOOKUP(B103,Работа!$B$4:$G$34,4,0) -> 0 | M103: =L103*K103 -> 0
B104: Материалы: | M104: =M105 -> 0
B105: Нащельник металлический тип 1 | F105: алюминиевый 20*40 | G105: м.п | I105: 27.2 | J105: 21.86 | K105: =SUM(I105:J105) -> 49.06 | L105: =VLOOKUP(B105,Материал!$B$5:$L$49,9,0) -> 0 | M105: =L105*K105 -> 0 | N105: Ral 9004
A106: 07.01.03 | B106: Монтаж дистанционного управления
...

Sheet Работа
A1: Сводная ведомость объемов работ (ГП-214)
A3: № | B3: Наименование | C3: Ед. изм. | D3: Кол-во | E3: Цена за ед. изм., руб | F3: Сумма, руб | G3: Примечание
A4: 07 | B4: Окна
A5: 07.01 | B5: Изготовление и монтаж Al изделий
B6: Изготовление и монтаж дверей | C6: шт | D6: =SUMIF('ЛСР 07.01 (AL)'!$B$14:$O$132,B6,'ЛСР 07.01 (AL)'!$K$14:$K$132) -> 9 | F6: =E6*D6 -> 0
B7: Изготовление и монтаж витражей В-1 тип 1 | C7: шт | D7: =SUMIF('ЛСР 07.01 (AL)'!$B$14:$O$132,B7,'ЛСР 07.01 (AL)'!$K$14:$K$132) -> 8 | F7: =E7*D7 -> 0
B8: Изготовление и монтаж витражей В-2 тип 1 | C8: шт | D8: =SUMIF('ЛСР 07.01 (AL)'!$B$14:$O$132,B8,'ЛСР 07.01 (AL)'!$K$14:$K$132) -> 2 | F8: =E8*D8 -> 0
B9: Изготовление и монтаж витражей В-3 тип 1 | C9: шт | D9: =SUMIF('ЛСР 07.01 (AL)'!$B$14:$O$132,B9,'ЛСР 07.01 (AL)'!$K$14:$K$132) -> 1 | F9: =E9*D9 -> 0
B10: Изготовление и монтаж витражей В-4 тип 1 | C10: шт | D10: =SUMIF('ЛСР 07.01 (AL)'!$B$14:$O$132,B10,'ЛСР 07.01 (AL)'!$K$14:$K$132) -> 1 | F10: =E10*D10 -> 0
B11: Изготовление и монтаж витражей В-5 тип 1 | C11: шт | D11: =SUMIF('ЛСР 07.01 (AL)'!$B$14:$O$132,B11,'ЛСР 07.01 (AL)'!$K$14:$K$132) -> 5 | F11: =E11*D11 -> 0
B12: Изготовление и монтаж витражей В-6 тип 1 | C12: шт | D12: =SUMIF('ЛСР 07.01 (AL)'!$B$14:$O$132,B12,'ЛСР 07.01 (AL)'!$K$14:$K$132) -> 2 | F12: =E12*D12 -> 0
B13: Изготовление и монтаж витражей В-7 тип 1 | C13: шт | D13: =SUMIF('ЛСР 07.01 (AL)'!$B$14:$O$132,B13,'ЛСР 07.01 (AL)'!$K$14:$K$132) -> 2 | F13: =E13*D13 -> 0
B14: Изготовление и монтаж витражей В-8 тип 1 | C14: шт | D14: =SUMIF('ЛСР 07.01 (AL)'!$B$14:$O$132,B14,'ЛСР 07.01 (AL)'!$K$14:$K$132) -> 1 | F14: =E14*D14 -> 0
B15: Изготовление и монтаж витражей В-9 тип 1 | C15: шт | D15: =SUMIF('ЛСР 07.01 (AL)'!$B$14:$O$132,B15,'ЛСР 07.01 (AL)'!$K$14:$K$132) -> 2 | F15: =E15*D15 -> 0
B16: Изготовление и монтаж витражей В-1 тип 2 | C16: шт | D16: =SUMIF('ЛСР 07.01 (AL)'!$B$14:$O$132,B16,'ЛСР 07.01 (AL)'!$K$14:$K$132) -> 4 | F16: =E16*D16 -> 0
B17: Изготовление и монтаж витражей В-2 тип 2 | C17: шт | D17: =SUMIF('ЛСР 07.01 (AL)'!$B$14:$O$132,B17,'ЛСР 07.01 (AL)'!$K$14:$K$132) -> 5 | F17: =E17*D17 -> 0
... B34: Изолирование монтажного шва СТИЗ (в т.ч. материал) | C34: м.п. | D34: =SUMIF('ЛСР 07.01 (AL)'!$B$14:$O$132,B34,'ЛСР 07.01 (AL)'!$K$14:$K$132) -> 1923.18 | F34: =E34*D34 -> 0
B35: итого AL: | F35: =SUM(F6:F34) -> 0
B36: ВСЕГО СМР: | F36: =F35 -> 0
F37: =F36-'ЛСР 07.01 (AL)'!M134 -> 0

Sheet Материал
A2: Сводная ведомость объемов материала (ГП-214)
A4: № | B4: Наименование | C4: Марка/ Завод изготовитель | D4: Высота, м | E4: Ширина, м | F4: Характеристика | G4: Ед. изм. | H4: Площадь, м2 | I4: Кол-во | J4: Цена за ед. изм., руб | K4: Сумма, руб | L4: Примечание
A5: 07.01 | B5: Изготовление и монтаж Al изделий
B6: В-1 тип 1 | D6: =VLOOKUP(B6,'ЛСР 07.01 (AL)'!$B$14:$O$132,3,0) -> 2.57 | E6: =VLOOKUP(B6,'ЛСР 07.01 (AL)'!$B$14:$O$132,4,0) -> 2.11 | F6: =VLOOKUP(B6,'ЛСР 07.01 (AL)'!$B$14:$O$132,5,0) -> 2,57*2,11 | G6: =VLOOKUP(B6,'ЛСР 07.01 (AL)'!$B$14:$O$132,6,0) -> шт | H6: =(D6*E6)*I6 -> 43.3816 | I6: =SUMIF('ЛСР 07.01 (AL)'!$B$14:$O$132,B6,'ЛСР 07.01 (AL)'!$K$14:$K$132) -> 8 | K6: =J6*I6 -> 0 | L6: =VLOOKUP(B6,'ЛСР 07.01 (AL)'!$B$14:$O$132,13,0) -> Ral 9004
B7: В-2 тип 1 | D7: =VLOOKUP(B7,'ЛСР 07.01 (AL)'!$B$14:$O$132,3,0) -> 2.57 | E7: =VLOOKUP(B7,'ЛСР 07.01 (AL)'!$B$14:$O$132,4,0) -> 1.63 | F7: =VLOOKUP(B7,'ЛСР 07.01 (AL)'!$B$14:$O$132,5,0) -> 2,57*1,63 | G7: =VLOOKUP(B7,'ЛСР 07.01 (AL)'!$B$14:$O$132,6,0) -> шт | H7: =(D7*E7)*I7 -> 8.3782 | I7: =SUMIF('ЛСР 07.01 (AL)'!$B$14:$O$132,B7,'ЛСР 07.01 (AL)'!$K$14:$K$132) -> 2 | K7: =J7*I7 -> 0 | L7: =VLOOKUP(B7,'ЛСР 07.01 (AL)'!$B$14:$O$132,13,0) -> Ral 9004
B8: В-3 тип 1 | D8: =VLOOKUP(B8,'ЛСР 07.01 (AL)'!$B$14:$O$132,3,0) -> 2.91 | E8: =VLOOKUP(B8,'ЛСР 07.01 (AL)'!$B$14:$O$132,4,0) -> 2.085 | F8: =VLOOKUP(B8,'ЛСР 07.01 (AL)'!$B$14:$O$132,5,0) -> 2,91*2,09 | G8: =VLOOKUP(B8,'ЛСР 07.01 (AL)'!$B$14:$O$132,6,0) -> шт | H8: =(D8*E8)*I8 -> 6.06735 | I8: =SUMIF('ЛСР 07.01 (AL)'!$B$14:$O$132,B8,'ЛСР 07.01 (AL)'!$K$14:$K$132) -> 1 | K8: =J8*I8 -> 0 | L8: =VLOOKUP(B8,'ЛСР 07.01 (AL)'!$B$14:$O$132,13,0) -> Ral 9004
B9: В-4 тип 1 | D9: =VLOOKUP(B9,'ЛСР 07.01 (AL)'!$B$14:$O$132,3,0) -> 2.91 | E9: =VLOOKUP(B9,'ЛСР 07.01 (AL)'!$B$14:$O$132,4,0) -> 3.16 | F9: =VLOOKUP(B9,'ЛСР 07.01 (AL)'!$B$14:$O$132,5,0) -> 2,91*3,16 | G9: =VLOOKUP(B9,'ЛСР 07.01 (AL)'!$B$14:$O$132,6,0) -> шт | H9: =(D9*E9)*I9 -> 9.1956 | I9: =SUMIF('ЛСР 07.01 (AL)'!$B$14:$O$132,B9,'ЛСР 07.01 (AL)'!$K$14:$K$132) -> 1 | K9: =J9*I9 -> 0 | L9: =VLOOKUP(B9,'ЛСР 07.01 (AL)'!$B$14:$O$132,13,0) -> Ral 9004
B10: В-5 тип 1 | D10: =VLOOKUP(B10,'ЛСР 07.01 (AL)'!$B$14:$O$132,3,0) -> 2.91 | E10: =VLOOKUP(B10,'ЛСР 07.01 (AL)'!$B$14:$O$132,4,0) -> 2.12 | F10: =VLOOKUP(B10,'ЛСР 07.01 (AL)'!$B$14:$O$132,5,0) -> 2,91*2,12 | G10: =VLOOKUP(B10,'ЛСР 07.01 (AL)'!$B$14:$O$132,6,0) -> шт | H10: =(D10*E10)*I10 -> 30.846 | I10: =SUMIF('ЛСР 07.01 (AL)'!$B$14:$O$132,B10,'ЛСР 07.01 (AL)'!$K$14:$K$132) -> 5 | K10: =J10*I10 -> 0 | L10: =VLOOKUP(B10,'ЛСР 07.01 (AL)'!$B$14:$O$132,13,0) -> Ral 9004
B11: В-6 тип 1 | D11: =VLOOKUP(B11,'ЛСР 07.01 (AL)'!$B$14:$O$132,3,0) -> 3.29 | E11: =VLOOKUP(B11,'ЛСР 07.01 (AL)'!$B$14:$O$132,4,0) -> 2.86 | F11: =VLOOKUP(B11,'ЛСР 07.01 (AL)'!$B$14:$O$132,5,0) -> 3,29*2,86 | G11: =VLOOKUP(B11,'ЛСР 07.01 (AL)'!$B$14:$O$132,6,0) -> шт | H11: =(D11*E11)*I11 -> 18.8188 | I11: =SUMIF('ЛСР 07.01 (AL)'!$B$14:$O$132,B11,'ЛСР 07.01 (AL)'!$K$14:$K$132) -> 2 | K11: =J11*I11 -> 0 | L11: =VLOOKUP(B11,'ЛСР 07.01 (AL)'!$B$14:$O$132,13,0) -> Ral 9004
B12: В-7 тип 1 | D12: =VLOOKUP(B12,'ЛСР 07.01 (AL)'!$B$14:$O$132,3,0) -> 3.39 | E12: =VLOOKUP(B12,'ЛСР 07.01 (AL)'!$B$14:$O$132,4,0) -> 2.66 | F12: =VLOOKUP(B12,'ЛСР 07.01 (AL)'!$B$14:$O$132,5,0) -> 3,39*2,66 | G12: =VLOOKUP(B12,'ЛСР 07.01 (AL)'!$B$14:$O$132,6,0) -> шт | H12: =(D12*E12)*I12 -> 18.0348 | I12: =SUMIF('ЛСР 07.01 (AL)'!$B$14:$O$132,B12,'ЛСР 07.01 (AL)'!$K$14:$K$132) -> 2 | K12: =J12*I12 -> 0 | L12: =VLOOKUP(B12,'ЛСР 07.01 (AL)'!$B$14:$O$132,13,0) -> Ral 9004
B13: В-8 тип 1 | D13: =VLOOKUP(B13,'ЛСР 07.01 (AL)'!$B$14:$O$132,3,0) -> 3.59 | E13: =VLOOKUP(B13,'ЛСР 07.01 (AL)'!$B$14:$O$132,4,0) -> 4.47 | F13: =VLOOKUP(B13,'ЛСР 07.01 (AL)'!$B$14:$O$132,5,0) -> 3,59*4,47 | G13: =VLOOKUP(B13,'ЛСР 07.01 (AL)'!$B$14:$O$132,6,0) -> шт | H13: =(D13*E13)*I13 -> 16.0473 | I13: =SUMIF('ЛСР 07.01 (AL)'!$B$14:$O$132,B13,'ЛСР 07.01 (AL)'!$K$14:$K$132) -> 1 | K13: =J13*I13 -> 0 | L13: =VLOOKUP(B13,'ЛСР 07.01 (AL)'!$B$14:$O$132,13,0) -> Ral 9004
B14: В-9 тип 1 | D14: =VLOOKUP(B14,'ЛСР 07.01 (AL)'!$B$14:$O$132,3,0) -> 2.57 | E14: =VLOOKUP(B14,'ЛСР 07.01 (AL)'!$B$14:$O$132,4,0) -> 2.02 | F14: =VLOOKUP(B14,'ЛСР 07.01 (AL)'!$B$14:$O$132,5,0) -> 2,57*2,02 | G14: =VLOOKUP(B14,'ЛСР 07.01 (AL)'!$B$14:$O$132,6,0) -> шт | H14: =(D14*E14)*I14 -> 10.3828 | I14: =SUMIF('ЛСР 07.01 (AL)'!$B$14:$O$132,B14,'ЛСР 07.01 (AL)'!$K$14:$K$132) -> 2 | K14: =J14*I14 -> 0 | L14: =VLOOKUP(B14,'ЛСР 07.01 (AL)'!$B$14:$O$132,13,0) -> Ral 9004
B15: В-1 тип 2 | D15: =VLOOKUP(B15,'ЛСР 07.01 (AL)'!$B$14:$O$132,3,0) -> 2.91 | E15: =VLOOKUP(B15,'ЛСР 07.01 (AL)'!$B$14:$O$132,4,0) -> 2.11 | F15: =VLOOKUP(B15,'ЛСР 07.01 (AL)'!$B$14:$O$132,5,0) -> 2,91*2,11 | G15: =VLOOKUP(B15,'ЛСР 07.01 (AL)'!$B$14:$O$132,6,0) -> шт | H15: =(D15*E15)*I15 -> 24.5604 | I15: =SUMIF('ЛСР 07.01 (AL)'!$B$14:$O$132,B15,'ЛСР 07.01 (AL)'!$K$14:$K$132) -> 4 | K15: =J15*I15 -> 0 | L15: =VLOOKUP(B15,'ЛСР 07.01 (AL)'!$B$14:$O$132,13,0) -> Ral 9004
B16: В-2 тип 2 | D16: =VLOOKUP(B16,'ЛСР 07.01 (AL)'!$B$14:$O$132,3,0) -> 2.59 | E16: =VLOOKUP(B16,'ЛСР 07.01 (AL)'!$B$14:$O$132,4,0) -> 2.045 | F16: =VLOOKUP(B16,'ЛСР 07.01 (AL)'!$B$14:$O$132,5,0) -> 2,59*2,05 | G16: =VLOOKUP(B16,'ЛСР 07.01 (AL)'!$B$14:$O$132,6,0) -> шт | H16: =(D16*E16)*I16 -> 26.48275 | I16: =SUMIF('ЛСР 07.01 (AL)'!$B$14:$O$132,B16,'ЛСР 07.01 (AL)'!$K$14:$K$132) -> 5 | K16: =J16*I16 -> 0 | L16: =VLOOKUP(B16,'ЛСР 07.01 (AL)'!$B$14:$O$132,13,0) -> Ral 9004
B17: В-3 тип 2 | D17: =VLOOKUP(B17,'ЛСР 07.01 (AL)'!$B$14:$O$132,3,0) -> 2.33 | E17: =VLOOKUP(B17,'ЛСР 07.01 (AL)'!$B$14:$O$132,4,0) -> 2.6 | F17: =VLOOKUP(B17,'ЛСР 07.01 (AL)'!$B$14:$O$132,5,0) -> 2,33*2,60 | G17: =VLOOKUP(B17,'ЛСР 07.01 (AL)'!$B$14:$O$132,6,0) -> шт | H17: =(D17*E17)*I17 -> 6.058 | I17: =SUMIF('ЛСР 07.01 (AL)'!$B$14:$O$132,B17,'ЛСР 07.01 (AL)'!$K$14:$K$132) -> 1 | K17: =J17*I17 -> 0 | L17: =VLOOKUP(B17,'ЛСР 07.01 (AL)'!$B$14:$O$132,13,0) -> Ral 9004
... B49: Упор дверной в комплекте с пластиной | D49: =VLOOKUP(B49,'ЛСР 07.01 (AL)'!$B$14:$O$132,3,0) -> 0 | E49: =VLOOKUP(B49,'ЛСР 07.01 (AL)'!$B$14:$O$132,4,0) -> 0 | F49: =VLOOKUP(B49,'ЛСР 07.01 (AL)'!$B$14:$O$132,5,0) -> нержавейка | G49: =VLOOKUP(B49,'ЛСР 07.01 (AL)'!$B$14:$O$132,6,0) -> шт | H49: =(D49*E49)*I49 -> 0 | I49: =SUMIF('ЛСР 07.01 (AL)'!$B$14:$O$132,B49,'ЛСР 07.01 (AL)'!$K$14:$K$132) -> 18 | K49: =J49*I49 -> 0 | L49: =VLOOKUP(B49,'ЛСР 07.01 (AL)'!$B$14:$O$132,13,0) -> нержавейка
B50: итого AL: | K50: =SUM(K6:K49) -> 0
B51: ВСЕГО материал: | K51: =K50 -> 0
K52: =K51-'ЛСР 07.01 (AL)'!M135 -> 0
M138: =K50-'ЛСР 07.01 (AL)'!M135 -> 0
